 Dungeon Crawl Stone Soup version 0.22-a0-779-g6f83d72c62 (webtiles) character file.

21 Mirvelgyr the Chopper (level 2, -1/27 HPs)
             Began as a Minotaur Chaos Knight on July 19, 2018.
             Succumbed to a gnoll's poison
             ... on level 1 of the Dungeon.
             The game lasted 00:00:33 (250 turns).

Mirvelgyr the Chopper (Minotaur Chaos Knight)        Turns: 250, Time: 00:00:33

Health: -1/27      AC:  5    Str: 16    XL:     2   Next: 65%
Magic:  1/1        EV: 11    Int:  9    God:    Xom [..*...]
Gold:   2          SH:  0    Dex:  9    Spells: 1/1 levels left

rFire    . . .     SeeInvis .   a - +0 hand axe (chaos)
rCold    . . .     Gourm    .   (no shield)
rNeg     . . .     Faith    .   b - +2 leather armour
rPois    .         Spirit   .   (helmet restricted)
rElec    .         Reflect  .   (no cloak)
rCorr    .         Harm     .   (no gloves)
MR       .....                  (no boots)
Stlth    +.........             (no amulet)
HPRegen  0.09/turn              (no ring)
MPRegen  0.07/turn              (no ring)

@: lethally poisoned (-1 -> -25)
A: retaliatory headbutt, horns 2
a: Renounce Religion


You were on level 1 of the Dungeon.
You worshipped Xom.
You were a toy of Xom.
You were not hungry.

You visited 1 branch of the dungeon, and saw 1 of its levels.

You collected 2 gold pieces.

Inventory:

Hand Weapons
 a - a +0 hand axe of chaos (weapon)
Armour
 b - a +2 leather armour (worn)
Scrolls
 e - a scroll of identify {unknown}
Comestibles
 c - 3 rations
 d - 12 chunks of flesh


   Skills:
 + Level 3.9 Fighting
 * Level 4.1 Axes
 + Level 2.8 Armour
 + Level 1.6 Dodging


You had one spell level left.
You didn't know any spells.
Your spell library was empty.

Dungeon Overview and Level Annotations

Branches:
Dungeon (1/15)

Altars:


Innate Abilities, Weirdness & Mutations

You reflexively headbutt those who attack you in melee.
You have a pair of horns on your head.


Message History

You are too injured to fight recklessly!
A bat comes into view.
* * * LOW HITPOINT WARNING * * *
You feel sick. The gnoll hits you but does no damage.
Things that are here:
a rat corpse; a frilled lizard corpse You hit the gnoll but do no damage.
Your headbutt misses the gnoll.
The gnoll is heavily wounded.
* * * LOW HITPOINT WARNING * * *
You feel sick. The gnoll hits you but does no damage.
You are more poisoned.
You hit the gnoll. You burn the gnoll.
The gnoll is severely wounded.
You hit the bat.
The bat appears confused.
* * * LOW HITPOINT WARNING * * *
You feel sick. The gnoll barely misses you.
You closely miss the gnoll.
The gnoll is severely wounded.
You die...
Xom roars with laughter!

..## ....... ## .......
.# ...... .###### ....###
......# ##g......
......###########...#....
.........>......@.b......
......###########g..#...
......# #...# ....#.#
#...# ....#.# ......
......# ......# ....###
.# .......# ....# .#
###....# ....#####..
....#


You could see a gnoll, a goblin and a bat (confused).

Vanquished Creatures
  A bat (D:1)
  3 giant cockroaches (D:1)
  A hobgoblin (D:1)
  6 jackals (D:1)
  A frilled lizard (D:1)
  3 goblins (D:1)
  3 rats (D:1)
18 creatures vanquished.

Notes
Turn   | Place    | Note
-------+----------+-------------------------------------------
     0 | D:1      | Mirvelgyr the Minotaur Chaos Knight began the quest for the Orb.
     0 | D:1      | Reached XP level 1. HP: 19/19 MP: 0/0
   107 | D:1      | XOM: silly message
   114 | D:1      | Reached XP level 2. HP: 27/27 MP: 1/1
   168 | D:1      | Reached skill level 4 in Axes
   249 | D:1      | HP: 1/27 [poisoned by a gnoll]
   250 | D:1      | Succumbed to a gnoll's poison

Vault maps used:
D:1:      evilmike_arrival_hilbert_curve

Skill      XL: |  1  2 |
---------------+-------+-----
Axes           | 4 |  4.1
Fighting       | |  3.9
Armour         | |  2.8
Dodging        | |  1.6

Action                   || total
-------------------------++-------
Melee: Hand axe          ||    37
       Headbutt          ||     3
Armor: Leather armour    ||    11
Dodge: Dodged            ||    31

Table legend:
 A = Spawn XP
 B = Non-spawn XP
 C = Spawn XP percentage of total XP
 D = Spawn monster count
 E = Non-spawn monster count
 F = Spawn count percentage of total count
 G = Total turns spent on level
                    A         B        C        D         E        F      G
               +---------+---------+-------+---------+---------+-------+---------
         Total |       0 |      31 |   0.0 |       0 |      18 |   0.0 |   250
               +---------+---------+-------+---------+---------+-------+---------
           D:1 |       0 |      31 |   0.0 |       0 |      18 |   0.0 |   250
               +---------+---------+-------+---------+---------+-------+---------
